 Dungeon Crawl Stone Soup version 0.21.1-1-g345015fe64 (webtiles) character file.

303 GotenAND the Shield-Bearer (level 6, -2/38 HPs)
             Began as a Gargoyle Fighter on July 17, 2018.
             Slain by a hound (3 damage)
             ... on level 4 of the Dungeon.
             The game lasted 00:04:23 (2275 turns).

GotenAND the Shield-Bearer (Gargoyle Fighter)       Turns: 2275, Time: 00:04:23

Health: -2/38      AC: 12    Str: 21    XL:     6   Next: 38%
Magic:  6/6        EV:  7    Int:  9    God:
Gold:   152        SH:  9    Dex:  9    Spells: 5/5 levels left

rFire    . . .     SeeInvis .   a - +0 war axe
rCold    . . .     Gourm    .   c - +0 shield
rNeg     + . .     Faith    .   b - +0 scale mail
rPois    ∞         Spirit   .   (no helmet)
rElec    +         Reflect  .   (no cloak)
rCorr    .         Harm     .   (no gloves)
MR       .....                  t - +0 pair of boots
Stlth    ..........             (no amulet)
HPRegen  0.12/turn              (no ring)
MPRegen  0.10/turn              (no ring)

@: no status effects
A: negative energy resistance 1, electricity resistance, unbreathing,
petrification resistance, rot immunity, AC +4
a: no special abilities


You were on level 4 of the Dungeon.
You were not hungry.

You visited 1 branch of the dungeon, and saw 4 of its levels.

You collected 152 gold pieces.

Inventory:

Hand Weapons
 a - a +0 war axe (weapon)
Armour
 b - a +0 scale mail (worn)
 c - a +0 shield (worn)
 t - a +0 pair of boots (worn)
Jewellery
 d - a +5 ring of evasion {unknown}
 k - an uncursed ring of flight {unknown}
 s - an uncursed amulet of guardian spirit {unknown}
Wands
 n - a wand of digging (4)
 p - a wand of random effects (24)
Scrolls
 e - 3 scrolls of teleportation {unknown}
 i - 5 scrolls of identify {unknown}
 j - a scroll of fear {unknown}
 l - a scroll of fog {unknown}
 q - 2 scrolls of remove curse {unknown}
Potions
 h - 2 potions of agility {unknown}
 m - a potion of heal wounds {unknown}
 o - a potion of curing {unknown}
 r - a potion of mutation {unknown}
Comestibles
 f - 6 rations
 g - 12 chunks of flesh


   Skills:
 + Level 4.3 Fighting
 + Level 4.2 Axes
 + Level 4.2 Armour
 + Level 4.5 Shields


You had 5 spell levels left.
You didn't know any spells.

Dungeon Overview and Level Annotations

Branches:
Dungeon (4/15)
 Temple: D:4-7

Altars:
Fedhas


Innate Abilities, Weirdness & Mutations

You are resistant to torment.
Your stone body is resilient. (AC +4)
You are immune to poison.
You resist negative energy. (rN+)
You are resistant to electric shocks. (rElec)
You can survive without breathing.
You are immune to petrification.
You are immune to rotting.


Message History

You barely miss the bullfrog.
The bullfrog is heavily wounded.
You hit the hound but do no damage. You closely miss the quokka.
You block the hound's attack. You block the quokka's attack.
The bullfrog hits you but does no damage.
The hound bites you.
* * * LOW HITPOINT WARNING * * *
The bullfrog hits you.
* * * LOW HITPOINT WARNING * * *
The quokka barely misses you.
You slash the bullfrog!
You kill the bullfrog!
Your shield and scale mail prevent you from hitting the quokka.
You barely miss the hound. You block the hound's attack.
The quokka barely misses you.
The phantom blinks!
The hound bites you.
* * * LOW HITPOINT WARNING * * *
You block the quokka's attack.
The quokka bites you but does no damage.
The hound bites you.
You die...

#.# #.#...#
#.####.#####.
########.............
.........>...........
#########.############
.....?..#.#####
#..........#
#.$........#
#..@r†.....#
#...h......#
#.....§....#
#.....#.#.W...
#.###.#.#..... ..
..#.#....W ## ###.# ##


You could see a phantom, a hound and a quokka.

Vanquished Creatures
  A bullfrog (D:4)
  A centaur skeleton (D:4)
  Jessica (D:2)
  Terence (D:2)
  4 adders
  3 gnolls (D:3)
  3 worms (D:2)
  2 dart slugs
  4 leopard geckos
  2 orcs (D:3)
  5 giant cockroaches
  15 goblins
  7 hobgoblins
  3 jackals (D:2)
  2 ball pythons (D:2)
  9 bats
  7 frilled lizards
  7 kobolds
  A quokka skeleton (D:4)
  8 rats
86 creatures vanquished.

Notes
Turn   | Place    | Note
-------+----------+-------------------------------------------
     0 | D:1      | GotenAND the Gargoyle Fighter began the quest for the Orb.
     0 | D:1      | Reached XP level 1. HP: 14/14 MP: 1/1
   165 | D:1      | Reached XP level 2. HP: 16/19 MP: 2/2
   653 | D:2      | Reached XP level 3. HP: 17/24 MP: 3/3
   798 | D:2      | Reached XP level 4. HP: 29/29 MP: 4/4
   937 | D:2      | Noticed Jessica
   944 | D:2      | Killed Jessica
  1237 | D:2      | Noticed Terence
  1247 | D:2      | Killed Terence
  1247 | D:2      | Reached XP level 5. HP: 33/33 MP: 5/5
  1736 | D:3      | Found a blossoming altar of Fedhas.
  2251 | D:4      | Reached XP level 6. HP: 27/38 MP: 6/6
  2260 | D:4      | Noticed a phantom
  2274 | D:4      | HP: 1/38 [hound (2)]
  2275 | D:4      | Slain by a hound

Skill      XL: |  1  2  3  4  5 |
---------------+----------------+-----
Axes           | 2 3 4 |  4.2
Fighting       | 4 |  4.3
Shields        | 4 |  4.5
Armour         | 4 |  4.2

Action                   |  1- 3 |  4- 6 || total
-------------------------+-------+-------++-------
Melee: War axe           |    89 |   219 ||   308
  Use: Potion            |       |     1 ||     1
  Eat: Chunk             |       |     5 ||     5
Armor: Scale mail        |    58 |   125 ||   183
Dodge: Dodged            |    30 |    66 ||    96
Block: Shield            |    41 |   129 ||   170
